[Event "Titled Tuesday Blitz November 01 Early 2022"]
[White "Manon-og, Ramon Jr."]
[Black "Vrbljanac, Aleksandar"]
[WhiteFideId "5200776"]
[BlackFideId "932817"]
[WhiteElo "2274"]
[BlackElo "2309"]
[Result "0-1"]
[Round "01"]
[TimeControl "180+1"]
[Date "2022.11.02"]
[WhiteClock "0:00:09"]
[BlackClock "0:00:25"]

1. e4 e5 2. Nf3 Nc6 3. Bc4 Nf6 4. Ng5 d5 5. exd5 Na5 6. Bb5+ c6 7. dxc6 bxc6 8. Bd3 Nd5 9. Nf3 Bd6 10. O-O O-O 11. Re1 Re8 12. Bf1 e4 13. Nd4 Qf6 14. Ne2 Bc5 15. Nbc3 Qxf2+ 16. Kh1 Bg4 17. Nxd5 cxd5 18. b4 Bxb4 19. Bb2 Bd6 20. d3 Qh4 21. h3 Bxe2 22. Qxe2 Qg3 23. Kg1 e3 0-1


[Site "https://www.chess.com"]

[Event "Titled Tuesday Blitz November 01 Early 2022"]
[White "Maranhao,Jose Renato Ruiz"]
[Black "Araujo Sanchez, Josue"]
[WhiteFideId "2135175"]
[BlackFideId "6416896"]
[WhiteElo "1970"]
[BlackElo "2370"]
[Result "0-1"]
[Round "01"]
[TimeControl "180+1"]
[Date "2022.11.02"]
[WhiteClock "0:00:01"]
[BlackClock "0:01:01"]

1. g3 d5 2. Bg2 e5 3. b3 Nf6 4. Bb2 Bd6 5. d3 O-O 6. Nd2 c5 7. e3 Nc6 8. Ne2 Re8 9. O-O Bf5 10. e4 Be6 11. exd5 Nxd5 12. Re1 f6 13. Ne4 Bf8 14. a3 Rc8 15. c4 Nc7 16. Qc2 Qd7 17. Rad1 b6 18. h4 Bg4 19. Rd2 Ne6 20. f3 Bh5 21. g4 Bf7 22. Bh3 Ned4 23. Nxd4 Nxd4 24. Bxd4 Qxd4+ 25. Kh2 Be6 26. h5 h6 27. Ng3 Rcd8 28. Rg1 Qf4 29. Rf2 Rd7 30. Kh1 Red8 31. Bf1 Qe3 32. Nf5 Bxf5 33. gxf5 Rd4 34. Rg3 Rf4 35. Bg2 Qxd3 36. Qxd3 Rxd3 37. Kh2 Rxf5 38. Bh3 Rxh5 39. Kg2 Rg5 40. Be6+ Kh8 41. Rxg5 hxg5 42. Kg3 g6 43. Rh2+ Kg7 44. Kg4 Bd6 45. Rh1 e4 46. fxe4 Rg3# 0-1


[Site "https://www.chess.com"]

[Event "Titled Tuesday Blitz November 01 Early 2022"]
[White "Marin Ramirez, Gerardo"]
[Black "Orlov, Georgi"]
[WhiteFideId "3901068"]
[BlackFideId "2011271"]
[WhiteElo "2041"]
[BlackElo "2570"]
[Result "0-1"]
[Round "01"]
[TimeControl "180+1"]
[Date "2022.11.02"]
[WhiteClock "0:00:01"]
[BlackClock "0:00:45"]

1. d4 Nf6 2. Nf3 e6 3. c4 Nc6 4. a3 d6 5. Nc3 g6 6. Bg5 h6 7. Bh4 g5 8. Bg3 Bg7 9. e3 Nh5 10. d5 Nxg3 11. hxg3 Ne7 12. Qa4+ Bd7 13. Qb3 Rb8 14. Be2 a6 15. dxe6 Bxe6 16. Nd4 Bd7 17. Rd1 c5 18. Nf3 Qc7 19. Ne4 Nc8 20. O-O Bc6 21. Qc2 Qe7 22. Nc3 b5 23. Nd5 Bxd5 24. Rxd5 Nb6 25. Rd2 O-O 0-1


[Site "https://www.chess.com"]

[Event "Titled Tuesday Blitz November 01 Early 2022"]
[White "Martinez Alcantara, Jose Eduardo"]
[Black "Shuvalov, Evgenij"]
[WhiteFideId "3805662"]
[BlackFideId "4187237"]
[WhiteElo "2703"]
[BlackElo "2049"]
[Result "1-0"]
[Round "01"]
[TimeControl "180+1"]
[Date "2022.11.01"]
[WhiteClock "0:01:30"]
[BlackClock "0:00:58"]

1. e4 e6 2. d4 d5 3. exd5 exd5 4. Nf3 Nf6 5. h3 c5 6. Bb5+ Nc6 7. O-O Be7 8. Be3 c4 9. c3 O-O 10. Nbd2 Bf5 11. Ba4 h6 12. Bc2 Bxc2 13. Qxc2 Bd6 14. Rfe1 Re8 15. a4 Qc7 16. Nf1 Ne4 17. N3d2 a6 18. Nxe4 Rxe4 19. Bd2 Rae8 20. Rxe4 Rxe4 21. Ne3 Qa5 22. Nxc4 Qd8 23. Ne3 Bf8 24. Qb3 Na5 25. Qxd5 Qxd5 26. Nxd5 Re2 27. Bf4 Rxb2 28. Re1 f6 29. Re8 Kf7 30. Rc8 b5 31. axb5 axb5 32. Ne3 b4 33. cxb4 Rxb4 34. Rxf8+ Kxf8 35. Bd6+ Kf7 36. Bxb4 Nc6 37. Bc5 Na5 38. Kf1 g6 39. Ke2 f5 40. Kd3 Ke6 41. d5+ Ke5 42. Bd4+ Kd6 43. Nc4+ Nxc4 44. Kxc4 1-0


[Site "https://www.chess.com"]

[Event "Titled Tuesday Blitz November 01 Early 2022"]
[White "Martinez Molina, Carlos Alberto"]
[Black "Lazavik, Denis"]
[WhiteFideId "5122708"]
[BlackFideId "13515110"]
[WhiteElo "2212"]
[BlackElo "2437"]
[Result "0-1"]
[Round "01"]
[TimeControl "180+1"]
[Date "2022.11.01"]
[WhiteClock "0:00:50"]
[BlackClock "0:02:02"]

1. d4 f5 2. c4 Nf6 3. Nf3 g6 4. Nc3 Bg7 5. g3 O-O 6. Bg2 d6 7. b3 c6 8. O-O Qc7 9. Bb2 e5 10. dxe5 dxe5 11. Qc2 e4 12. Nd4 Re8 13. Rad1 Nbd7 14. e3 Ne5 15. Ba3 Qf7 16. Bd6 Bd7 17. c5 Rad8 18. Bc7 Rc8 19. Bd6 Nd3 20. a3 Ng4 21. Rxd3 exd3 22. Qxd3 Be6 23. Nxe6 Qxe6 24. b4 Qb3 25. Rc1 Qxa3 26. Qc4+ Kh8 27. Ne2 Ne5 28. Qh4 Qb2 29. Re1 Nd3 0-1


[Site "https://www.chess.com"]

[Event "Titled Tuesday Blitz November 01 Early 2022"]
[White "Maximov, Dmitry"]
[Black "Manukian, Artak"]
[WhiteFideId "14105659"]
[BlackFideId "13301373"]
[WhiteElo "2494"]
[BlackElo "2462"]
[Result "1-0"]
[Round "01"]
[TimeControl "180+1"]
[Date "2022.11.02"]
[WhiteClock "0:00:19"]
[BlackClock "0:00:22"]

1. e4 c6 2. Nf3 d5 3. Nc3 dxe4 4. Nxe4 Nf6 5. Qe2 Nxe4 6. Qxe4 Nd7 7. Bc4 Nf6 8. Ne5 e6 9. Qe2 b5 10. Bd3 Qc7 11. Nxc6 a6 12. Nd4 Bb7 13. Nf3 Bd6 14. h3 e5 15. O-O O-O 16. Ng5 h6 17. Ne4 Nd5 18. Nxd6 Qxd6 19. Be4 Nf4 20. Qf3 Bxe4 21. Qxe4 f5 22. Qe3 Nd5 23. Qg3 Rac8 24. c3 Nf4 25. Re1 g5 26. d4 exd4 27. Bxf4 Qxf4 28. Qxf4 gxf4 29. cxd4 Rc2 30. Rac1 Rfc8 31. Rxc2 Rxc2 32. Re6 Kg7 33. Rxa6 Rxb2 34. d5 Rd2 35. d6 Kf6 36. d7+ Ke7 37. Rxh6 Rxa2 38. Rd6 Kd8 39. Rd4 f3 40. gxf3 Rc2 41. h4 Rc4 42. Rd5 b4 43. h5 b3 44. Rb5 Kxd7 45. Rxb3 Rh4 46. Kg2 Rxh5 47. Rb6 f4 48. Rf6 Rh4 49. Kf1 Ke7 50. Ra6 Rh6 51. Rxh6 1-0


[Site "https://www.chess.com"]

[Event "Titled Tuesday Blitz November 01 Early 2022"]
[White "Melikhov, Evgeny V."]
[Black "Papasimakopoulos, Alexandros"]
[WhiteFideId "4122046"]
[BlackFideId "4244125"]
[WhiteElo "2169"]
[BlackElo "2357"]
[Result "0-1"]
[Round "01"]
[TimeControl "180+1"]
[Date "2022.11.02"]
[WhiteClock "0:00:02"]
[BlackClock "0:01:06"]

1. d4 e6 2. c4 Nf6 3. Nc3 Bb4 4. Qc2 c5 5. dxc5 Bxc5 6. Nf3 Qb6 7. e3 Be7 8. b3 d6 9. Bb2 Nbd7 10. Be2 a6 11. g4 h6 12. Rg1 Qc7 13. h4 Nc5 14. g5 hxg5 15. hxg5 Nh5 16. g6 f5 17. Ng5 Bxg5 18. Rxg5 Nf6 19. O-O-O Bd7 20. f3 Bc6 21. b4 Ncd7 22. Qd2 Ke7 23. Kb1 Rh2 24. Rdg1 Ne5 25. R5g2 Rah8 26. Qe1 Bxf3 27. Rxh2 Rxh2 28. Rf1 Bxe2 29. Nxe2 Qxc4 30. Nd4 Rxb2+ 31. Kxb2 Nd3+ 0-1


[Site "https://www.chess.com"]

[Event "Titled Tuesday Blitz November 01 Early 2022"]
[White "Migot, Tangi"]
[Black "Warchol, Kamil"]
[WhiteFideId "662445"]
[BlackFideId "21858241"]
[WhiteElo "2603"]
[BlackElo "2001"]
[Result "1-0"]
[Round "01"]
[TimeControl "180+1"]
[Date "2022.11.02"]
[WhiteClock "0:01:00"]
[BlackClock "0:00:36"]

1. e4 c5 2. Nf3 d6 3. d4 cxd4 4. Nxd4 Nf6 5. Nc3 Nc6 6. f3 e5 7. Nb3 Be7 8. Be3 Be6 9. Qe2 O-O 10. O-O-O a5 11. Kb1 a4 12. Nc5 dxc5 13. Rxd8 Rfxd8 14. Qf2 Nd4 15. Be2 b6 16. g4 Nd7 17. Nd5 Bf8 18. Nc7 Ra7 19. Nxe6 Nxe6 20. Bc4 Nc7 21. Rd1 Raa8 22. Bg5 Nf6 23. Rd2 Be7 24. Bxf6 Bxf6 25. Bd5 Nxd5 26. Rxd5 Rxd5 27. exd5 Rd8 28. c4 Bg5 29. Qc2 Bf4 30. Qxa4 1-0


[Site "https://www.chess.com"]

[Event "Titled Tuesday Blitz November 01 Early 2022"]
[White "Mihajlov, Sebastian"]
[Black "Larina, Maria"]
[WhiteFideId "1512110"]
[BlackFideId "24113182"]
[WhiteElo "2464"]
[BlackElo "1848"]
[Result "1-0"]
[Round "01"]
[TimeControl "180+1"]
[Date "2022.11.02"]
[WhiteClock "0:00:05"]
[BlackClock "0:00:02"]

1. d4 f5 2. e4 fxe4 3. Nc3 Nf6 4. Bg5 Nc6 5. d5 Ne5 6. Qe2 c6 7. f4 Nf7 8. Bxf6 gxf6 9. Nxe4 Bg7 10. O-O-O cxd5 11. Rxd5 O-O 12. Qh5 e6 13. Rd1 Qb6 14. f5 d5 15. Nd2 e5 16. g4 Qa5 17. Kb1 b5 18. Nb3 Qb6 19. Bg2 Bb7 20. Ne2 Rfd8 21. h4 d4 22. Bxb7 Qxb7 23. g5 Qe7 24. Rhg1 Kh8 25. g6 Nh6 26. gxh7 Kxh7 27. Rg6 Qe8 28. Rdg1 Rd7 29. Nc5 Re7 30. Ne6 Bf8 31. Nxf8+ Qxf8 32. Ng3 Rc8 33. Ne4 Rc6 34. Ng5+ fxg5 35. Rxc6 Rg7 36. hxg5 Qxf5 37. Qxh6+ Kg8 38. Rf6 Qe4 39. Rh1 1-0


[Site "https://www.chess.com"]

[Event "Titled Tuesday Blitz November 01 Early 2022"]
[White "Mitrovic, Darko R"]
[Black "Kuznetsova, Olga"]
[WhiteFideId "927023"]
[BlackFideId "4191323"]
[WhiteElo "2150"]
[BlackElo "2134"]
[Result "1/2-1/2"]
[Round "01"]
[TimeControl "180+1"]
[Date "2022.11.02"]
[WhiteClock "0:00:02"]
[BlackClock "0:00:19"]

1. d4 Nf6 2. c4 e6 3. Nf3 d5 4. g3 Be7 5. Bg2 O-O 6. O-O dxc4 7. Qa4 Bd7 8. Qxc4 Bc6 9. Nc3 Nbd7 10. Bg5 h6 11. Bxf6 Nxf6 12. Rac1 a6 13. Rfd1 Ne4 14. Nxe4 Bxe4 15. Qxc7 Rc8 16. Qxd8 Rfxd8 17. e3 Bc2 18. Rd2 Be4 19. Rdd1 Bc2 20. Rd2 Ba4 21. Rxc8 Rxc8 22. h4 Bb4 23. b3 Bxd2 24. Nxd2 Bc6 25. Bf1 b5 26. f3 Bb7 27. Bd3 Rc1+ 28. Kf2 Rd1 29. Ke2 Ra1 30. Bb1 Kf8 31. e4 Ke7 32. Kd3 b4 33. Kc2 f5 34. Kb2 Rxb1+ 35. Kxb1 g5 36. hxg5 hxg5 37. Kc2 g4 38. fxg4 fxe4 39. Nf1 Bc6 40. Ne3 Bb5 41. Kb2 Bd3 42. a3 a5 43. axb4 axb4 44. Nc2 Bb5 45. Nxb4 e3 46. Kc2 Kf6 47. Kd1 Kg5 48. Nc2 e2+ 49. Kd2 Kxg4 50. Ne1 Kxg3 51. Ke3 Kg4 52. b4 Kf5 53. Nc2 Kf6 54. d5 exd5 55. Kd2 Ke5 56. Na3 Ba6 57. b5 Bb7 58. Kxe2 Kd4 59. Kd2 Kc5 60. Nc2 Kxb5 61. Ne3 d4 62. Nc2 Kc4 63. Nxd4 1/2-1/2


[Site "https://www.chess.com"]

[Event "Titled Tuesday Blitz November 01 Early 2022"]
[White "Myshakov, Fyodor"]
[Black "Espinosa Aranda, Angel"]
[WhiteFideId "14111284"]
[BlackFideId "2278189"]
[WhiteElo "2310"]
[BlackElo "2478"]
[Result "0-1"]
[Round "01"]
[TimeControl "180+1"]
[Date "2022.11.02"]
[WhiteClock "0:00:01"]
[BlackClock "0:02:16"]

1. c4 b6 2. Nc3 Bb7 3. Nf3 Nf6 4. g3 g6 5. Bg2 Bg7 6. O-O O-O 7. d4 Ne4 8. Nxe4 Bxe4 9. b3 c5 10. Bb2 Nc6 11. e3 d5 12. cxd5 Qxd5 13. Rc1 cxd4 14. Bxd4 Nxd4 15. exd4 Rac8 16. Rxc8 Rxc8 17. Re1 e6 18. Qe2 Bxf3 19. Bxf3 Qxd4 20. Qa6 Rc2 21. Re2 Rc1+ 22. Kg2 Qd1 23. Re4 Qh1+ 24. Kh3 Qxf3 25. Re2 Rc5 26. Re5 Rxe5 27. Qc8+ Bf8 0-1


[Site "https://www.chess.com"]

[Event "Titled Tuesday Blitz November 01 Early 2022"]
[White "Namitbir Singh Walia"]
[Black "Jones, Gawain C B"]
[WhiteFideId "35071068"]
[BlackFideId "409561"]
[WhiteElo "2239"]
[BlackElo "2657"]
[Result "0-1"]
[Round "01"]
[TimeControl "180+1"]
[Date "2022.11.02"]
[WhiteClock "0:00:07"]
[BlackClock "0:00:43"]

1. d4 Nf6 2. c4 g6 3. Nf3 Bg7 4. g3 O-O 5. Bg2 d6 6. O-O c5 7. Nc3 Nc6 8. h3 cxd4 9. Nxd4 Nxd4 10. Qxd4 Be6 11. Qd3 Qc8 12. Nd5 Nxd5 13. cxd5 Bxh3 14. Bg5 Bxg2 15. Kxg2 Qd7 16. Qd2 Rfe8 17. Bh6 Bh8 18. Rh1 Rac8 19. Be3 Qf5 20. Rac1 h5 21. Bxa7 Ra8 22. Bb6 Rxa2 23. Rc2 Qe5 24. Rb1 Ra4 25. f3 Rea8 26. e4 Bg7 27. Rbc1 Kh7 28. Be3 f5 29. Bf4 Qf6 30. Bg5 Qf8 31. Rc7 fxe4 32. fxe4 Rxe4 33. Re1 Qf5 34. Rxe7 Rxe1 35. Qxe1 Qxg5 0-1


[Site "https://www.chess.com"]

[Event "Titled Tuesday Blitz November 01 Early 2022"]
[White "Navara, David"]
[Black "Kirillov, Dmitry"]
[WhiteFideId "309095"]
[BlackFideId "34180572"]
[WhiteElo "2676"]
[BlackElo "2095"]
[Result "1/2-1/2"]
[Round "01"]
[TimeControl "180+1"]
[Date "2022.11.01"]
[WhiteClock "0:00:41"]
[BlackClock "0:00:42"]

1. d4 d5 2. c4 e6 3. Nc3 c6 4. e3 f5 5. f4 Nf6 6. Nf3 Bd6 7. Be2 O-O 8. O-O Ne4 9. Qc2 Bd7 10. c5 Bc7 11. b4 Be8 12. Rb1 a6 13. a4 Nd7 14. b5 Nxc3 15. Qxc3 axb5 16. axb5 Nf6 17. b6 Bb8 18. Ra1 Ne4 19. Qb2 Rxa1 20. Qxa1 Bh5 21. Bb2 g5 22. g3 Bxf3 23. Bxf3 Nd2 24. Rf2 Nxf3+ 25. Rxf3 Qe7 26. Bc3 Qg7 27. Rf2 g4 28. Ra2 h5 29. Ra8 Kh7 30. Be1 h4 31. gxh4 Bxf4 32. exf4 Rxa8 33. Qxa8 Qxd4+ 34. Bf2 Qd1+ 35. Kg2 Qf3+ 36. Kf1 Qd1+ 37. Kg2 Qf3+ 38. Kg1 Qd1+ 39. Kg2 1/2-1/2


[Site "https://www.chess.com"]

[Event "Titled Tuesday Blitz November 01 Early 2022"]
[White "Obrien, Matthew"]
[Black "Ardila, Oscar Humberto"]
[WhiteFideId "2059150"]
[BlackFideId "4404742"]
[WhiteElo "2621"]
[BlackElo "1898"]
[Result "1-0"]
[Round "01"]
[TimeControl "180+1"]
[Date "2022.11.02"]
[WhiteClock "0:00:06"]
[BlackClock "0:00:21"]

1. e4 e5 2. Nf3 Nf6 3. Nxe5 d6 4. Nf3 Nxe4 5. Bd3 Nf6 6. O-O Be7 7. Re1 Bg4 8. h3 Bh5 9. Qe2 Nc6 10. c3 O-O 11. Bc2 Ne5 12. g4 Bg6 13. Bxg6 Nxf3+ 14. Qxf3 hxg6 15. Qxb7 Qd7 16. d4 Nxg4 17. hxg4 Qxg4+ 18. Qg2 Qd7 19. Nd2 d5 20. Nf3 Bf6 21. Bf4 c6 22. Ne5 Qb7 23. Re2 Rfe8 24. Rae1 Re6 25. Ng4 Rxe2 26. Rxe2 Qd7 27. Be5 Be7 28. Qh3 Qf5 29. Bxg7 Kxg7 30. Rxe7 Rb8 31. Qh6+ Kg8 32. Ne5 Rf8 33. Qh4 Qb1+ 34. Kg2 Kg7 35. Qg3 Qf5 36. Rc7 c5 37. dxc5 a5 38. Nf3 Qe4 39. Qe5+ Qxe5 40. Nxe5 Kf6 41. Nf3 Kf5 42. Nd4+ Ke4 43. c6 Ke5 44. Re7+ Kd6 45. Rd7+ Ke5 46. c7 1-0


[Site "https://www.chess.com"]

[Event "Titled Tuesday Blitz November 01 Early 2022"]
[White "Odegov, Artem"]
[Black "Smietanska, Wiktoria"]
[WhiteFideId "34183644"]
[BlackFideId "21869359"]
[WhiteElo "2298"]
[BlackElo "1854"]
[Result "1-0"]
[Round "01"]
[TimeControl "180+1"]
[Date "2022.11.02"]
[WhiteClock "0:00:10"]
[BlackClock "0:00:03"]

1. d4 Nf6 2. c4 g6 3. Nc3 Bg7 4. e4 d6 5. h3 O-O 6. Be3 e5 7. d5 Nh5 8. g3 Qe8 9. Be2 f6 10. Qd2 f5 11. Bh6 f4 12. Bxg7 Nxg7 13. g4 Nd7 14. Nf3 a5 15. O-O-O Nc5 16. Rdg1 h6 17. h4 Bd7 18. Ne1 Rb8 19. f3 Qe7 20. Nd3 b6 21. Ne1 Bc8 22. Nc2 Ba6 23. Na3 Qd7 24. Rh2 Bc8 25. Bd1 Qe7 26. Nab5 Bd7 27. Rgh1 Be8 28. Na7 Rb7 29. Nc6 Bxc6 30. dxc6 Ra7 31. Ba4 Nge6 32. Rd1 Nd4 33. Qf2 Qe8 34. Rxd4 exd4 35. Qxd4 Qf7 36. Bc2 Qg7 37. Qd2 Ne6 38. Nb5 Raa8 39. Rh1 Rae8 40. Rd1 Re7 41. Qd5 Kh8 42. c5 bxc5 43. Bb3 Ra8 44. Qd2 Nd4 45. Nxd4 cxd4 46. Qxd4 Qxd4 47. Rxd4 Re5 48. Bd5 Ra6 49. Kd2 Rb6 50. b3 Re8 51. Kc3 Kg7 52. Ra4 Ra8 53. a3 Rb5 54. Rc4 Ra6 55. Kd4 Kf6 56. Ra4 Rc5 57. Rc4 Rxc4+ 58. Kxc4 Rb6 59. b4 axb4 60. axb4 Ke5 61. b5 g5 62. h5 Rb8 63. Bf7 Ra8 64. Bg6 Ra4+ 65. Kb3 Ra1 66. Kb4 Rb1+ 67. Ka5 Kd4 68. Ka6 Kc5 69. Kb7 Kxb5 70. Kxc7 Rc1 71. Kxd6 Rxc6+ 72. Ke5 Rb6 73. Be8+ Kc5 74. Bf7 Ra6 75. Bd5 Rb6 76. Kf5 Ra6 77. Be6 Kd6 78. Kf6 Kc7 79. Kf7 Kd8 80. e5 Rb6 81. Bf5 Ra6 82. e6 Ra7+ 83. Kg6 Ke7 84. Kg7 Ra6 85. Kg6 Ra3 86. Kxh6 Rxf3 87. Kxg5 Rf1 88. h6 f3 89. h7 Rh1 90. Bd3 f2 91. Kf4 f1=Q+ 92. Bxf1 Rxf1+ 93. Kg5 Rh1 94. Kg6 Kxe6 95. Kg7 Ke7 96. g5 Ke8 97. g6 Ke7 98. h8=Q Rxh8 99. Kxh8 Kf6 100. g7 Kf7 101. g8=Q+ 1-0


[Site "https://www.chess.com"]

[Event "Titled Tuesday Blitz November 01 Early 2022"]
[White "Ohanyan, Emin"]
[Black "Zacurdajev, Dmitry"]
[WhiteFideId "13312022"]
[BlackFideId "4196309"]
[WhiteElo "2302"]
[BlackElo "2179"]
[Result "1-0"]
[Round "01"]
[TimeControl "180+1"]
[Date "2022.11.02"]
[WhiteClock "0:01:19"]
[BlackClock "0:00:01"]

1. e4 c6 2. d4 d5 3. Nc3 dxe4 4. Nxe4 Nf6 5. Nxf6+ exf6 6. Bd3 Bd6 7. Qh5 g6 8. Qh6 Bf8 9. Qe3+ Be6 10. Ne2 Na6 11. c3 Nc7 12. Nf4 Bg7 13. Nxe6 Nxe6 14. O-O O-O 15. Qh3 Ng5 16. Qg4 Re8 17. Be3 Ne6 18. Rad1 f5 19. Qf3 Ng5 20. Qf4 Ne6 21. Qg3 Qf6 22. Bc1 f4 23. Qf3 Bh6 24. Bc4 Ng5 25. Qg4 Re4 26. f3 Re7 27. h4 Ne6 28. h5 Rae8 29. Bd3 Ng7 30. Be4 Qd6 31. hxg6 hxg6 32. Qh3 f5 33. Qxh6 fxe4 34. Bxf4 Qe6 35. Be5 Qf5 36. fxe4 Qxe4 37. Rde1 Qd3 38. Rf3 Qc2 39. Rh3 1-0


[Site "https://www.chess.com"]

[Event "Titled Tuesday Blitz November 01 Early 2022"]
[White "Omariev, Maksim"]
[Black "Narayanan, Srinath"]
[WhiteFideId "4193423"]
[BlackFideId "5018420"]
[WhiteElo "2408"]
[BlackElo "2459"]
[Result "0-1"]
[Round "01"]
[TimeControl "180+1"]
[Date "2022.11.02"]
[WhiteClock "0:00:56"]
[BlackClock "0:01:29"]

1. g4 e5 2. Bg2 d5 3. h3 Nc6 4. c3 Nf6 5. d4 h6 6. dxe5 Nxe5 7. Bf4 Ng6 8. Bg3 Bd6 9. Bxd6 Qxd6 10. Nd2 Nf4 11. Bf3 Bd7 12. Qb3 O-O-O 13. O-O-O Rhe8 14. Kb1 Qa6 15. e3 Ba4 16. Qa3 Qd3+ 17. Ka1 Bxd1 18. Bxd1 Qxd2 0-1


[Site "https://www.chess.com"]

[Event "Titled Tuesday Blitz November 01 Early 2022"]
[White "Orozbaev, Eldiar"]
[Black "Zilleruelo Irizarry, Diego"]
[WhiteFideId "13802240"]
[BlackFideId "3101460"]
[WhiteElo "2244"]
[BlackElo "1998"]
[Result "1-0"]
[Round "01"]
[TimeControl "180+1"]
[Date "2022.11.02"]
[WhiteClock "0:00:37"]
[BlackClock "0:00:03"]

1. e4 c6 2. Nc3 d5 3. Nf3 Bg4 4. h3 Bxf3 5. Qxf3 e6 6. d3 Nf6 7. Bd2 Nbd7 8. g4 h6 9. Qg3 Qb6 10. O-O-O O-O-O 11. e5 Ne8 12. f4 Be7 13. Bg2 Nc5 14. d4 Na6 15. f5 Kb8 16. f6 gxf6 17. exf6+ Bd6 18. Bf4 Ka8 19. Rhf1 Bxf4+ 20. Qxf4 Nd6 21. Kb1 Nc4 22. Qc1 Qa5 23. Bf3 b5 24. Be2 Rb8 25. Ka1 Rb7 26. h4 Nb4 27. g5 hxg5 28. hxg5 Ne3 29. g6 fxg6 30. f7 Rf8 31. Rf6 Nbxc2+ 32. Kb1 Nxd1 33. Bxd1 Nxd4 34. Qf4 Nf5 35. Rxe6 Rbxf7 36. Rxc6 d4 37. Bf3 Nh4 38. Rc8# 1-0


[Site "https://www.chess.com"]

[Event "Titled Tuesday Blitz November 01 Early 2022"]
[White "Osmonbekov, Talaibek"]
[Black "Belozerov, Andrei"]
[WhiteFideId "2017253"]
[BlackFideId "4120213"]
[WhiteElo "2135"]
[BlackElo "2360"]
[Result "0-1"]
[Round "01"]
[TimeControl "180+1"]
[Date "2022.11.02"]
[WhiteClock "0:00:35"]
[BlackClock "0:01:05"]

1. d4 Nf6 2. Bf4 d5 3. Nc3 Bf5 4. e3 e6 5. Bd3 Bg6 6. Nb5 Bd6 7. Ne2 O-O 8. O-O a6 9. Nxd6 cxd6 10. c4 dxc4 11. Bxc4 d5 12. Bd3 Nc6 13. Rc1 Rc8 14. a3 Na5 15. Rxc8 Qxc8 16. b3 Qc6 17. Bxg6 hxg6 18. Qd3 Rc8 19. Rd1 Qc2 20. b4 Qxd3 21. Rxd3 Nc4 22. f3 b5 23. Kf2 Nd7 24. e4 Ndb6 25. g4 Kf8 26. h4 Ke7 27. Ng3 Nb2 28. Rd2 N6c4 29. Rc2 Nd3+ 0-1


[Site "https://www.chess.com"]

[Event "Titled Tuesday Blitz November 01 Early 2022"]
[White "Ozdemir, Serhan Berat"]
[Black "Arbunic Castro, Giovanna"]
[WhiteFideId "6374611"]
[BlackFideId "3400549"]
[WhiteElo "2016"]
[BlackElo "1853"]
[Result "1-0"]
[Round "01"]
[TimeControl "180+1"]
[Date "2022.11.02"]
[WhiteClock "0:00:50"]
[BlackClock "0:00:13"]

1. e4 g6 2. d4 Bg7 3. Nc3 c5 4. dxc5 Qa5 5. Bd2 Qxc5 6. Nd5 a5 7. Nf3 e6 8. Be3 Qd6 9. Nf6+ Ke7 10. Qxd6+ Kxd6 11. e5+ Kc6 12. Nd4+ Kc7 13. Nb5+ Kd8 14. Bb6+ Ke7 15. Bc5+ Kd8 16. Nxg8 Rxg8 17. f4 Na6 18. Bb6+ Ke7 19. Nd6 f6 20. Nc4 fxe5 21. fxe5 Rf8 22. Bd3 Nb4 23. Bc5+ 1-0


[Site "https://www.chess.com"]

[Event "Titled Tuesday Blitz November 01 Early 2022"]
[White "Paravyan, David"]
[Black "Lawson, Eric"]
[WhiteFideId "4194985"]
[BlackFideId "2604116"]
[WhiteElo "2555"]
[BlackElo "2539"]
[Result "1-0"]
[Round "01"]
[TimeControl "180+1"]
[Date "2022.11.01"]
[WhiteClock "0:00:05"]
[BlackClock "0:00:03"]

1. e4 c5 2. Nf3 d6 3. d4 cxd4 4. Nxd4 Nf6 5. Nc3 a6 6. Bg5 e6 7. f4 Qb6 8. Qd2 Qxb2 9. Rb1 Qa3 10. f5 Nc6 11. fxe6 fxe6 12. Nxc6 bxc6 13. Bd3 Qa5 14. O-O Be7 15. e5 Qxe5 16. Rbe1 Qc5+ 17. Kh1 Qa5 18. Qe3 Ng4 19. Qg3 Qxg5 20. Ne4 Qh5 21. Nxd6+ Kd7 22. Nc4 Ke8 23. Nb6 Bh4 24. Qc7 Bxe1 25. Qxc6+ Ke7 26. Qc7+ Ke8 27. h3 1-0


[Site "https://www.chess.com"]

[Event "Titled Tuesday Blitz November 01 Early 2022"]
[White "Petrovic, Aleksa"]
[Black "Pultinevicius, Paulius"]
[WhiteFideId "967629"]
[BlackFideId "12809390"]
[WhiteElo "2242"]
[BlackElo "2500"]
[Result "0-1"]
[Round "01"]
[TimeControl "180+1"]
[Date "2022.11.02"]
[WhiteClock "0:00:02"]
[BlackClock "0:00:12"]

1. e4 c5 2. Nf3 e6 3. d4 cxd4 4. Nxd4 a6 5. c4 Nf6 6. Nc3 Bb4 7. Qd3 O-O 8. Be2 d5 9. exd5 exd5 10. cxd5 Nxd5 11. O-O Nxc3 12. bxc3 Bc5 13. Be3 Qf6 14. Bf3 Nd7 15. Qc4 Bd6 16. Qd5 Ne5 17. Be2 Rd8 18. Qe4 Rb8 19. Rab1 b5 20. f4 Ng4 21. Nc6 Bf5 22. Qf3 Nxe3 23. Qxe3 Re8 24. Qa7 Ra8 25. Qb7 Bc5+ 26. Kh1 Bxb1 27. Rxb1 Rac8 28. Bf3 Qxf4 29. Nb4 Bd6 30. g3 Qf5 31. Rf1 Rxc3 32. Bg2 Qg6 33. Nd5 Rc2 34. Qd7 Rf8 35. Nf4 Bxf4 36. Rxf4 Rc1+ 37. Bf1 Rfc8 38. Kg2 R8c2+ 39. Rf2 Rxf2+ 40. Kxf2 Qf6+ 41. Kg1 Qxf1# 0-1


[Site "https://www.chess.com"]

[Event "Titled Tuesday Blitz November 01 Early 2022"]
[White "Pinheiro, Iung Alicio de O."]
[Black "Koridze, Lile"]
[WhiteFideId "2104350"]
[BlackFideId "13612514"]
[WhiteElo "2283"]
[BlackElo "2050"]
[Result "1-0"]
[Round "01"]
[TimeControl "180+1"]
[Date "2022.11.02"]
[WhiteClock "0:01:04"]
[BlackClock "0:00:17"]

1. e4 c5 2. Nf3 d6 3. Nc3 Nc6 4. Bb5 Bd7 5. O-O Nf6 6. Re1 g6 7. Bxc6 Bxc6 8. e5 dxe5 9. Nxe5 Qc7 10. Qe2 e6 11. d3 Bg7 12. h3 O-O 13. Bf4 Qb6 14. Rab1 Rfd8 15. Nc4 Qa6 16. a4 Nd5 17. Be5 Nxc3 18. bxc3 Bd5 19. Bxg7 Kxg7 20. Ne5 Qxa4 21. c4 Bc6 22. Ng4 h5 23. Qe5+ Kg8 24. Nh6+ Kf8 25. Qf6 Be8 26. Rxe6 1-0


[Site "https://www.chess.com"]

[Event "Titled Tuesday Blitz November 01 Early 2022"]
[White "Richter, Paul"]
[Black "Blokhin, Sofia"]
[WhiteFideId "2046350"]
[BlackFideId "4508190"]
[WhiteElo "2578"]
[BlackElo "2005"]
[Result "1-0"]
[Round "01"]
[TimeControl "180+1"]
[Date "2022.11.02"]
[WhiteClock "0:00:33"]
[BlackClock "0:00:49"]

1. e4 c5 2. Nf3 e6 3. d3 Nc6 4. Nbd2 g6 5. g3 Bg7 6. Bg2 Nge7 7. O-O O-O 8. Re1 d5 9. exd5 exd5 10. c3 d4 11. c4 Bf5 12. Ne4 b6 13. Bg5 f6 14. Bd2 Nc8 15. h4 Nd6 16. Nxd6 Qxd6 17. Bf4 Qd7 18. a3 Rae8 19. Qd2 Ne5 20. Nxe5 fxe5 21. Bg5 Bh3 22. Bd5+ Kh8 23. b4 Bf6 24. bxc5 bxc5 25. Rab1 Qf5 26. Bh6 Bg7 27. Bxg7+ Kxg7 28. Rb7+ Kh8 29. Be4 Qg4 30. Qh6 1-0


[Site "https://www.chess.com"]

[Event "Titled Tuesday Blitz November 01 Early 2022"]
[White "Romero Ruscalleda, Josep"]
[Black "Manukyan, Sargis A."]
[WhiteFideId "2231859"]
[BlackFideId "13303970"]
[WhiteElo "2257"]
[BlackElo "2187"]
[Result "0-1"]
[Round "01"]
[TimeControl "180+1"]
[Date "2022.11.02"]
[WhiteClock "0:00:43"]
[BlackClock "0:01:29"]

1. e4 c5 2. c3 d5 3. exd5 Qxd5 4. d4 e6 5. Nf3 Nf6 6. Be3 cxd4 7. cxd4 Nc6 8. Nc3 Qd6 9. Bd3 Be7 10. Rc1 O-O 11. Qe2 a6 12. O-O h6 13. Rfd1 b5 14. a3 Bb7 15. Bb1 Rac8 16. Ba2 Rfd8 17. d5 exd5 18. Nxd5 Nxd5 19. Rxd5 Qf6 20. Rxd8+ Rxd8 21. h3 Ne5 22. Nxe5 Qxe5 23. Re1 Bd6 24. f4 Qe4 25. Bb6 Qxe2 26. Rxe2 Rc8 27. f5 Bg3 28. Be3 Re8 29. Kf1 Be4 30. Bf2 Bd3 31. Bxg3 Rxe2 32. Kg1 Rxb2 33. Bd5 Bxf5 34. Bf3 Rb3 35. Bd6 Bxh3 36. Bd5 Rd3 37. gxh3 Rxd5 38. Bb4 Rd3 0-1


[Site "https://www.chess.com"]